 Dungeon Crawl Stone Soup version 0.27.1-3-gb3d3a73c9e (webtiles) character file.

Game seed: 15343024617938210034

48 Descartes the Grasshopper (level 3, -2/18 HPs)
             Began as a Spriggan Warper on Oct 16, 2021.
             Slain by a gnoll (7 damage)
             ... on level 1 of the Dungeon.
             The game lasted 00:05:03 (3094 turns).

Descartes the Grasshopper (Spriggan Warper)         Turns: 3094, Time: 00:05:04

Health: -2/18      AC:  2    Str:  8    XL:     3   Next: 50%
Magic:  8/8        EV: 17    Int: 14    God:
Gold:   63         SH:  0    Dex: 14    Spells: 5/8 levels left

rFire    . . .     SeeInvis +   a - +0 short sword
rCold    . . .     Faith    .   (shield restricted)
rNeg     . . .     Spirit   .   i - +0 robe
rPois    .         Reflect  .   (helmet restricted)
rElec    .         Harm     .   (no cloak)
rCorr    .         Rampage  .   (gloves unavailable)
Will     .....                  (boots unavailable)
Stlth    ++........             (no amulet)
HPRegen  0.06/turn              (no ring)
MPRegen  0.11/turn              (no ring)

@: very quick
A: very small, no large weapons, unfitting armour, see invisible, speed 3
a: no special abilities


You were on level 1 of the Dungeon.
You visited 1 branch of the dungeon, and saw 2 of its levels.

You collected 63 gold pieces.

Inventory:

Hand Weapons
 a - a +0 short sword (weapon)
 b - a +0 hunting sling
Missiles
 d - 5 boomerangs of dispersal (quivered)
 j - 15 stones
Armour
 i - a +0 robe (worn)
Scrolls
 c - a scroll of blinking
 e - a scroll of identify {unknown}
 f - 2 scrolls of magic mapping {unknown}
 h - a scroll of silence {unknown}
Potions
 g - a potion of brilliance {unknown}


   Skills:
 - Level 1.5 Fighting
 + Level 2.4 Short Blades
 - Level 1.0 Throwing
 + Level 3.5 Dodging
 * Level 3.5 Stealth
 - Level 3.0 Spellcasting
 - Level 5.0 Translocations


You had 5 spell levels left.
You knew the following spells:

 Your Spells              Type           Power      Damage    Failure   Level
a - Apportation           Tloc           32%        N/A       2%          1
b - Blink                 Tloc           N/A        N/A       4%          2

Your spell library contained the following spells:

 Spells                   Type           Power      Damage    Failure   Level
 Gell's Gravitas          Tloc           8%         N/A       9%          3
 Lesser Beckoning         Tloc           8%         N/A       9%          3
 Teleport Other           Tloc           16%        N/A       9%          3
 Animate Skeleton         Necr           4%         N/A       22%         1
 Corona                   Hex            2%         N/A       22%         1
 Summon Small Mammal      Summ           8%         N/A       22%         1
 Stone Arrow              Conj/Erth      4%         3d7       54%         3
 Manifold Assault         Tloc           16%        N/A       58%         5
 Bolt of Magma            Conj/Fire/Erth 1%         4d4       99%         5
 Shatter                  Erth           1%         3d5*      100%        9


Dungeon Overview and Level Annotations

Branches:
Dungeon (2/15)

Altars:

Annotations:
D:2 Robin


Innate Abilities, Weirdness & Mutations

You are very small and have problems with some larger weapons.
You are too small for most types of armour.
You have supernaturally acute eyesight. (SInv)
You cover ground extremely quickly. (Speed+++)


Message History

The goblin misses you.
You hit the goblin but do no damage.
The goblin is severely wounded.
The goblin barely misses you.
You hit the goblin.
You kill the goblin!
No target in view!
HP restored.
Items here: )))).
There is a stone staircase leading down, spattered with blood here.
You climb downwards.
Level annotation: Robin The goblin completely misses you.
The gnoll misses you. The goblin hits you but does no damage.
There is a stone staircase leading up here.
The gnoll misses you. The goblin hits you but does no damage.
You climb upwards.
There is a stone staircase leading down, spattered with blood here.
The gnoll hits you but does no damage.
Items here: )) ÷ ††.
You hit the gnoll.
The gnoll is moderately wounded.
The gnoll barely misses you.
You hit the gnoll.
The gnoll is heavily wounded.
The gnoll hits you with a +0 club.
You closely miss the gnoll.
The gnoll is heavily wounded.
The gnoll hits you with a +0 club.
You completely miss the gnoll.
The gnoll is heavily wounded.
The gnoll hits you with a +0 club.
You closely miss the gnoll.
The gnoll is heavily wounded.
The gnoll hits you with a +0 club.
* * * LOW HITPOINT WARNING * * *
You hit the gnoll but do no damage.
The gnoll is heavily wounded.
The gnoll hits you with a +0 club!
You die...

.#.####### #>)##
##.........
###.#.# #)##
##....##.. # ##..#
#.# ##.......
###...# #.#
##'#.##. ......#
#.# #.#....
###.### #.#
#.##### #.# #g#
##.## # #.# #g#
##...#### # #.#
#@########.....##.
# #.#
#.................
###.#
##########........
....# #####....
##### #####


You could see a gnoll and a goblin.

Vanquished Creatures
  A gnoll (D:1)
  2 ball pythons (D:1)
  A bat (D:1)
  An endoplasm (D:1)
  8 goblins
  9 hobgoblins
  2 kobolds
  2 quokkas
  3 frilled lizards
  3 rats
32 creatures vanquished.

Notes
Turn   | Place    | Note
-------+----------+-------------------------------------------
     0 | D:1      | Descartes the Spriggan Warper began the quest for the Orb.
     0 | D:1      | Reached XP level 1. HP: 10/10 MP: 5/5
   427 | D:1      | Reached skill level 1 in Stealth
   648 | D:1      | Reached XP level 2. HP: 14/14 MP: 7/7
   888 | D:1      | Reached skill level 5 in Translocations
  1031 | D:1      | Learned a level 1 spell: Apportation
  1034 | D:1      | Learned a level 2 spell: Blink
  1269 | D:1      | You fall into a shaft and drop 1 floor!
  1870 | D:2      | Noticed Robin
  2074 | D:1      | Reached XP level 3. HP: 17/18 MP: 8/8
  3094 | D:1      | Slain by a gnoll

Illustrated notes

Levels and vault maps discovered:
D:1:      minmay_arrival_diagonal_passages, layout_loops_corners,
          minmay_domino_2
D:2:      layout_basic, uniq_natasha, uniq_sigmund, uniq_robin

Skill      XL: |  1  2  3 |
---------------+----------+-----
Stealth        | 1 2 3 |  3.5
Spellcasting   | 3 |  3.0
Translocations | 5 |  5.0
Fighting       | |  1.5
Short Blades   | |  2.4
Throwing       | |  1.0
Dodging        | |  3.5

Action                   || total
-------------------------++-------
Melee: Short sword       ||   132
 Fire: Hunting sling     ||    22
 Stab: Sleeping          ||     3
Armor: Robe              ||    13
Dodge: Dodged            ||    95
